 Dungeon Crawl Stone Soup version 0.27-a0-1273-gec92ba881d (webtiles) character file.

Game seed: 12572361163286098450

2543 robertstho the Thaumaturge (level 9, -5/66 HPs)
             Began as a Djinni Fire Elementalist on June 11, 2021.
             Was an Initiate of Gozag.
             Slain by a wyvern (16 damage)
             ... on level 8 of the Dungeon.
             The game lasted 00:11:56 (8960 turns).

robertstho the Thaumaturge (DjFE)                   Turns: 8960, Time: 00:11:57

Health: -5/66      AC:  6    Str:  7    XL:     9   Next: 85%
Gold:   650        EV: 13    Int: 20    God:    Gozag SH:  5 Dex: 14

rFire    + . .     SeeInvis .   v - +2 hand axe (flame)
rCold    . . .     Faith    .   (no shield)
rNeg     . . .     Spirit   .   a - +0 robe
rPois    ∞         Reflect  +   l - +2 helmet
rElec    .         Harm     .   F - +0 cloak
rCorr    .         Rampage  .   (no gloves)
Will     .....                  (boots unavailable)
Stlth    ++........             s - amulet of reflection
HPRegen  0.21/turn              u - ring of ice
MPRegen  0.00/turn              (no ring)

@: flying
A: sickness immunity, fire resistance 2, cold vulnerability 1, float, innate
caster, hp casting, extra vitality 1
a: Renounce Religion, Potion Petition, Call Merchant, Bribe Branch


You were on level 8 of the Dungeon.
You worshipped Gozag.
Gozag was pleased with you.
You visited 2 branches of the dungeon, and saw 10 of its levels.

You collected 680 gold pieces.
You paid 30 gold pieces to Gozag.

Inventory:

Hand Weapons
 v - a +2 hand axe of flaming (weapon)
Missiles
 E - 2 curare-tipped darts
Armour
 a - a +0 robe (worn)
 l - a +2 helmet (worn)
 F - a +0 cloak (worn)
Jewellery
 c - an amulet of regeneration
 k - an amulet of the acrobat
 s - an amulet of reflection (around neck)
 u - a ring of ice (left hand)
 x - a ring of poison resistance
 z - a +6 ring of intelligence
Wands
 q - a wand of iceblast (5)
Scrolls
 e - 4 scrolls of teleportation
 h - 2 scrolls of noise {unknown}
 n - a scroll of brand weapon
 o - a scroll of magic mapping {unknown}
 w - a scroll of vulnerability {unknown}
 y - 4 scrolls of identify {unknown}
 B - 2 scrolls of silence {unknown}
 D - a scroll of enchant weapon
 G - a scroll of summoning {unknown}
Potions
 b - 3 potions of might {unknown}
 d - 2 potions of attraction {unknown}
 f - 5 potions of curing {unknown}
 g - 2 potions of invisibility {unknown}
 i - 2 potions of resistance {unknown}
 j - 3 potions of flight {unknown}
 m - a potion of heal wounds {unknown}
 p - a potion of magic {unknown}
 r - a potion of ambrosia {unknown}
 t - a potion of degeneration {unknown}
 A - a potion of lignification {unknown}
 C - a potion of cancellation {unknown}


   Skills:
 * Level 5.7 Fighting
 + Level 1.4 Axes
 + Level 3.7 Dodging
 + Level 3.2 Stealth
 + Level 1.0 Shields
 + Level 8.1 Spellcasting


You couldn't memorise any spells.
You knew the following spells:

 Your Spells              Type           Power      Damage    Failure   Level
a - Foxfire               Conj/Fire      100%       2x1d9     1%          1
b - Conjure Flame         Conj/Fire      40%        6-21      1%          3
c - Inner Flame           Hex/Fire       40%        N/A       1%          3
d - Sticky Flame          Conj/Fire      40%        2d6       3%          4
e - Fireball              Conj/Fire      20%        3d10      9%          5
f - Shock                 Conj/Air       100%       1d9       1%          1
g - Slow                  Hex            40%        N/A       1%          2
h - Ozocubu's Armour      Ice            57%        N/A       1%          3
i - Tukima's Dance        Hex            40%        N/A       1%          3
Your spell library was empty.

Dungeon Overview and Level Annotations

Branches:
Dungeon (9/15)             Temple (1/1) D:4
   Lair: D:8-11         Orc: D:9-12

Altars:
Ashenzari
Cheibriados
Fedhas
Gozag
Hepliaklqana
Kikubaaqudgha
Nemelex Xobeh
Okawaru
Qazlal
Ru
Sif Muna
Uskayaw
Wu Jian
Yredelemnul
The Shining One
Lugonu


Innate Abilities, Weirdness & Mutations

You are immune to sickness and miasma.
You are immune to poison.
Your flesh is very heat resistant. (rF++)
You are vulnerable to cold. (rC-)
You float through the air rather than walking.
You learn spells naturally, not from books.
Your magical power is your life essence.
You have superior vitality. (+4 HP)


Message History

The orc priest calls upon Beogh to heal the orc warrior.
The orc warrior is healed somewhat.
The wyvern bites you but does no damage.
The orc warrior burns!
The wyvern bites you.
The orc warrior burns!
The orc warrior burns!
The orc priest looks braver for a moment.
The wyvern bites you!
Casting: Sticky Flame (dangerous; 3% risk of failure)
Confirm with . or Enter, or press ? or * to list all spells.
Aiming: Sticky Flame (dangerous; 3% risk of failure)
Press: ? - help, Shift-Dir - straight line, f - wyvern, p - orc warrior
Aim: a wyvern (100% to hit)
The sticky flame hits the wyvern but does no damage.
The wyvern is covered in liquid flames!
The orc warrior burns!
The orc warrior stops burning.
The wyvern burns!
You block the wyvern's attack.
Unknown command.
The wyvern burns!
The wyvern bites you!
The wyvern burns!
The wyvern burns!
The orc priest invokes the aid of Beogh against you.
Beogh smites you!
* * * LOW HITPOINT WARNING * * *
The wyvern bites you but does no damage.
There is a stone staircase leading up here.
The wyvern burns!
The wyvern stops burning.
The wyvern misses you.
You fly upwards.
There is a stone staircase leading down here.
Casting: Sticky Flame (dangerous; 3% risk of failure)
Confirm with . or Enter, or press ? or * to list all spells.
Aiming: Sticky Flame (dangerous; 3% risk of failure)
Press: ? - help, Shift-Dir - straight line, f - wyvern
Aim: a wyvern (severely wounded, 100% to hit)
The sticky flame hits the wyvern.
The wyvern is almost dead.
The wyvern is covered in liquid flames!
* * * LOW HITPOINT WARNING * * *
The wyvern burns!
You block the wyvern's attack. The wyvern bites you!
You die...
Your body crumbles into a pile of gold.

........#
#.##.##.##..##
#.....###
#............# ......#
######.##.#...#...##
#...###
#......(...........#
...##
#.####.##..........#
#### #.#
#.#####.###...#
##.####[#####.# #...#
#.......l.....# #...#
#..####@####### #...#
#..# #.# #...# #..#
#.# #...# #..#
#.#########...# ##..#
##.............#
#...###...###......#.#
#.........)...######.#
#.#####...##..# #.#
#.####...###..# #.#


You could see a wyvern (burning).

Vanquished Creatures
  Psyche (D:8)
  Sigmund (D:2)
  A steam dragon (D:6)
  2 water moccasins
  A black bear (D:7)
  2 ogres
  2 necrophages
  2 centaurs
  2 phantoms
  2 kobold brigands
  Blork the orc (D:4)
  A bullfrog (D:7)
  2 scorpions
  A bullfrog zombie (D:5)
  A centaur zombie (D:7)
  3 orc priests
  4 hounds
  Crazy Yiuf (D:7)
  Terence (D:2)
  3 iguanas
  Natasha (thrice) (D:3)
  Robin (D:3)
  2 howler monkey skeletons
  A gnoll (D:6)
  5 adders
  A shadow imp (D:8)
  An ufetubus (D:4)
  2 worms
  3 dart slugs
  13 orcs
  6 ball pythons
  5 endoplasms
  2 giant cockroaches
  19 goblins
  7 hobgoblins
  3 jackals (D:3)
  11 kobolds
  2 quokkas
  3 bats
  4 frilled lizards
  A quokka skeleton (D:4)
  3 rats
132 creatures vanquished.

Vanquished Creatures (collateral kills)
  A foxfire (D:3)
1 creature vanquished.

Vanquished Creatures (others)
  A human (D:5)
  A quokka (D:1)
  628 foxfires
  3 plants (D:3)
633 creatures vanquished.

Grand Total: 766 creatures vanquished

Notes
Turn   | Place    | Note
-------+----------+-------------------------------------------
     0 | D:1      | robertstho the Djinni Fire Elementalist began the quest for
                  | the Orb.
     0 | D:1      | Reached XP level 1. HP: 15/15 MP: 0/0
    62 | D:1      | Found a faded altar of an unknown god.
   275 | D:1      | Reached XP level 2. HP: 21/22 MP: 0/0
   766 | D:1      | Reached XP level 3. HP: 24/26 MP: 0/0
   766 | D:1      | Learned a level 1 spell: Shock
   965 | D:1      | Reached skill level 3 in Spellcasting
  1650 | D:2      | Noticed Sigmund
  1652 | D:2      | Reached skill level 1 in Fighting
  1665 | D:2      | Killed Sigmund
  1666 | D:2      | Reached XP level 4. HP: 13/33 MP: 0/0
  1666 | D:2      | Reached XP level 5. HP: 15/38 MP: 0/0
  1666 | D:2      | Learned a level 2 spell: Slow
  1917 | D:2      | Reached skill level 4 in Spellcasting
  2024 | D:2      | Noticed Terence
  2250 | D:3      | Noticed an ogre
  2257 | D:3      | Killed an ogre
  2258 | D:3      | Reached XP level 6. HP: 38/44 MP: 0/0
  2310 | D:3      | Noticed Robin
  2314 | D:3      | Killed Robin
  2476 | D:3      | Found a broken altar of Ashenzari.
  2683 | D:3      | Found a blossoming altar of Fedhas.
  2704 | D:3      | Found a stormy altar of Qazlal.
  2791 | D:3      | Noticed Natasha
  2799 | D:3      | Killed Natasha
  2800 | D:3      | Reached XP level 7. HP: 39/49 MP: 0/0
  2800 | D:3      | Learned a level 3 spell: Ozocubu's Armour
  3174 | D:3      | Noticed Natasha
  3179 | D:3      | Killed Natasha
  3208 | D:3      | Noticed Natasha
  3211 | D:3      | Killed Natasha
  3212 | D:3      | Reached skill level 5 in Spellcasting
  3442 | D:2      | Killed Terence
  3739 | D:2      | Found a sparkling altar of Nemelex Xobeh.
  4340 | D:4      | Reached XP level 8. HP: 41/57 MP: 0/0
  4524 | D:4      | Found a staircase to the Ecumenical Temple.
  4554 | Temple   | Entered the Ecumenical Temple
  4578 | Temple   | Became a worshipper of Gozag Ym Sagoz the Greedy
  4698 | D:4      | Noticed Blork the orc
  4705 | D:4      | Killed Blork the orc
  4752 | D:4      | Found a hide-covered altar of Uskayaw.
  4752 | D:4      | Found a sacrificial altar of Ru.
  4757 | D:4      | Found a glowing golden altar of the Shining One.
  4994 | D:5      | Entered Level 5 of the Dungeon
  5136 | D:5      | Reached skill level 6 in Spellcasting
  5815 | D:5      | Noticed a human
  5817 | D:5      | Killed a human
  6246 | D:6      | Reached XP level 9. HP: 59/64 MP: 0/0
  6246 | D:6      | Learned a level 3 spell: Tukima's Dance
  6446 | D:6      | Reached skill level 7 in Spellcasting
  6748 | D:6      | Found a basalt altar of Yredelemnul.
  6892 | D:7      | Reached skill level 5 in Fighting
  7576 | D:7      | Found a runed translucent door.
  7577 | D:7      | Noticed Crazy Yiuf
  7955 | D:7      | Killed Crazy Yiuf
  8210 | D:8      | Found a snail-covered altar of Cheibriados.
  8275 | D:8      | Noticed Psyche
  8284 | D:8      | Killed Psyche
  8285 | D:8      | Reached skill level 1 in Axes
  8285 | D:8      | Reached skill level 1 in Shields
  8285 | D:8      | Reached skill level 8 in Spellcasting
  8960 | D:8      | Slain by a wyvern

Illustrated notes

Levels and vault maps discovered:
D:1:      heliophobic_arrival_ceremonial_halls, layout_basic,
          ebering_ecumenical_altar_sacrificial, lemuel_flame_loot_1
D:2:      layout_loops_ring, basic_altar, uniq_terence, uniq_sigmund
D:3:      layout_loops_ring, nicolae_overflow_crystal_walls,
          grunt_temple_overflow_forces_of_nature, uniq_robin, uniq_natasha
D:4:      layout_cave_pools, chequers_temple_overflow_statue_of_worship,
          minmay_temple_entry_junction_2, uniq_blork_the_orc
D:5:      layout_loops_ring, tgw_kikubaaqudgha
D:6:      layout_gridville, marbit_many_paths, tgw_sif
D:7:      layout_loops_ring, uniq_crazy_yiuf_cottage
D:8:      layout_loops_ring, slow_altar_1, uniq_psyche
D:9:      layout_loops_ring, grunt_temple_overflow_lords_of_destruction,
          nicolae_dithmenos_the_darkroom, sword_in_stone, uniq_maggie,
          uniq_harold
Temple:   corrupted_temple

Skill      XL: |  1  2  3  4  5  6  7  8  9 |
---------------+----------------------------+-----
Spellcasting   | 3 4 5 6 8 |  8.1
Fighting       | 2 3 4 5 |  5.7
Stealth        | 2 3 |  3.2
Dodging        | 3 |  3.7
Axes           | 1 |  1.4
Shields        | 1 |  1.0

Action                   |  1- 3 |  4- 6 |  7- 9 || total
-------------------------+-------+-------+-------++-------
Melee: Dagger            |     1 |       |       ||     1
       Hand axe          |       |       |    32 ||    32
 Cast: Foxfire           |    59 |    68 |   242 ||   369
       Sticky Flame      |       |     1 |    21 ||    22
       Slow              |       |       |     1 ||     1
       Shock             |       |       |     1 ||     1
  Use: Scroll            |       |     1 |     5 ||     6
 Stab: Sleeping          |       |       |     1 ||     1
Armor: Robe              |       |     1 |    19 ||    20
Dodge: Dodged            |     2 |     6 |    34 ||    42
Block: Other             |       |       |    13 ||    13
       Reflection        |       |       |     1 ||     1

Table legend: (Time is in decaauts)
 A = Elapsed time spent in this place.
 B = Non-inter-level travel time spent in this place.
 C = Inter-level travel time spent in this place.
 D = Time resting spent in this place.
 E = Time spent auto-exploring this place.
 F = Levels seen in this place.
 G = Mean time per level.
                   A        B        C        D        E       F      G
               +--------+--------+--------+--------+--------+-----+--------+
         Total |   8967 |   8733 |    234 |      0 |   7812 |  10 |  896.7 |
       Dungeon |   8926 |   8709 |    217 |      0 |   7795 |   9 |  991.8 |
        Temple |     40 |     24 |     16 |      0 |     17 |   1 |   40.0 |
               +--------+--------+--------+--------+--------+-----+--------+

Top non-repeatable levels by time:
     D:1: 1552 daAuts
     D:3: 1368 daAuts
     D:7: 1295 daAuts
     D:2: 1204 daAuts
     D:5: 941 daAuts
     D:6: 938 daAuts
     D:4: 826 daAuts
     D:8: 772 daAuts
  Temple: 40 daAuts
     D:9: 25 daAuts
